Little Stars vs Griffins
Created - December 20, 2022 at 19:00
Goals
|
| Little Stars |
0 |
0 |
4 |
4 |
| Griffins |
0 |
2 |
0 |
2 |
|
Shots
|
| Little Stars |
14 |
2 |
8 |
24 |
| Griffins |
9 |
17 |
9 |
35 |
|
1st period
No Goal
Penalties :
Reece Willcox (Tex) for Hooking (Minor) at 19:49
2nd period
1. Griffins , Dmitri Orlov 1 (Brendan Woods 7, Lucas Lessio 12) at 7:16 (PP)
2. Griffins , Ryan Lindgren 2 (Lias Andersson 2, Tanner Kero 2) at 8:26
Penalties :
Tucker Poolman (Tex) for Holding (Minor) at 5:25, Connor Mackey (Tex) for Cross-checking (Minor) at 9:14, Ian McCoshen (Gra) for Hooking (Minor) at 18:22
3rd period
3. Little Stars , Joakim Nygard 5 (Jason Dickinson 4) at 4:08
4. Little Stars , Joakim Nygard 6 (Jason Dickinson 5, Alex Belzile 4) at 5:26
5. Little Stars , Matt Luff 1 (Joakim Nygard 10, Jason Dickinson 6) at 19:12
6. Little Stars , Jordan LaVallee 7 (Ilya Mikheyev 16, Daniel O'regan 16) at 19:50 (Empty Net)
Penalties :
Jack Roslovic (Gra) for Tripping (Minor) at 6:40
Goalie Stats
Connor Knapp (Tex), 33 saves from 35 shots - (0.943), W, 5-3-1, 60:00 minutes
Jean-Francois Berube (Gra), 20 saves from 23 shots - (0.870), L, 5-4-2, 59:26 minutes
Players Stats for Little Stars
Player Name G A P +/- PIM S H SB GA TA FO MP PP MP PK MP
------------------------------------------------------------------------------------
Adam Tambellini 0 0 0 0 0 0 1 0 0 0 0/1 17:59 1:36 2:19
Alex Belzile 0 1 1 0 0 1 0 1 0 0 0/1 15:40 1:36 0:00
Connor Mackey 0 0 0 1 2 0 1 0 0 0 0/0 13:25 0:00 0:16
Daniel O'regan 0 1 1 2 0 3 2 0 1 0 12/29 21:59 2:22 3:17
Emile Poirier 0 0 0 -1 0 0 0 0 0 0 0/0 8:14 0:00 0:13
Eric Knodel 0 0 0 0 0 2 3 0 1 1 0/0 26:05 2:41 3:51
Frederic Allard 0 0 0 1 0 0 0 2 0 0 0/0 14:20 0:00 1:22
Henrik Borgstrom 0 0 0 0 0 0 1 0 1 0 4/12 17:24 1:36 1:44
Ilya Mikheyev 0 1 1 2 0 4 2 0 0 1 1/2 18:28 2:22 0:00
Jason Dickinson 0 3 3 2 0 0 1 1 1 1 5/10 12:36 0:00 0:48
Joakim Nygard 2 1 3 2 0 3 1 0 0 0 0/0 11:38 0:00 0:00
Jordan LaVallee 1 0 1 2 0 4 0 1 2 0 0/0 22:09 2:22 3:17
Justin Auger 0 0 0 -1 0 0 1 0 0 0 0/0 8:01 0:00 0:00
Matt Luff 1 0 1 2 0 1 0 0 0 0 0/0 11:18 0:00 0:00
Reece Willcox 0 0 0 0 2 3 0 2 1 2 0/0 24:58 2:41 2:13
Roman Horak 0 0 0 -1 0 1 0 0 0 0 2/2 8:01 0:00 0:00
Tucker Poolman 0 0 0 2 2 2 1 0 1 1 0/0 20:06 1:17 1:08
Ville Pokka 0 0 0 2 0 0 1 2 0 3 0/0 21:47 1:17 2:48
Players Stats for Griffins
Player Name G A P +/- PIM S H SB GA TA FO MP PP MP PK MP
------------------------------------------------------------------------------------
Brendan Woods 0 1 1 1 0 4 0 0 1 1 0/0 11:48 0:17 2:18
Chris Bigras 0 0 0 0 0 1 0 0 0 1 0/0 21:34 0:00 2:24
Danny Kristo 0 0 0 -2 0 6 1 2 2 1 4/6 22:41 3:13 2:20
Dmitri Orlov 1 0 1 -3 0 1 1 2 0 1 0/0 16:43 2:11 0:04
Ian McCoshen 0 0 0 0 2 2 1 0 0 1 0/0 16:45 0:00 1:04
Jack Roslovic 0 0 0 -2 2 4 1 2 0 0 15/26 19:53 3:13 0:30
Joe Morrow 0 0 0 -1 0 3 1 0 0 0 0/0 22:25 3:38 1:34
Lias Andersson 0 1 1 1 0 1 0 0 0 0 1/3 8:13 0:17 0:00
Lucas Lessio 0 1 1 -1 0 1 1 0 2 0 0/0 17:30 2:11 1:13
Martin Frk 0 0 0 -1 0 2 3 0 1 1 0/1 18:34 3:38 0:00
Nico Hischier 0 0 0 -1 0 0 1 0 1 0 4/7 14:05 2:19 0:53
Riley Armstrong 0 0 0 -1 0 0 2 0 1 1 7/12 17:01 2:19 0:31
Ryan Lindgren 1 0 1 -2 0 5 1 1 0 0 0/0 15:40 0:00 1:16
Ryan Pulock 0 0 0 0 0 0 1 0 0 0 0/0 21:20 0:00 1:34
Sonny Milano 0 0 0 -1 0 1 1 0 0 0 1/1 13:23 2:19 0:11
Tanner Kero 0 1 1 1 0 1 2 0 1 0 0/0 7:56 0:00 0:00
Troy Terry 0 0 0 -1 0 0 0 0 0 0 0/0 11:15 0:17 0:00
Tyler Bertuzzi 0 0 0 -2 0 3 3 0 0 1 1/1 19:14 3:13 0:00
3 Stars
1 - Joakim Nygard (Tex)
2 - Jason Dickinson (Tex)
3 - Jordan LaVallee (Tex)
Power Play
Little Stars - 0 on 2 Attempt(s) - 0.00%
Griffins - 1 on 3 Attempt(s) - 33.33%
Penalty Kill
Little Stars - 2 on 3 Attempt(s) - 66.67%
- Score 0 goal in Penalty Kill
Griffins - 2 on 2 Attempt(s) - 100.00%
- Score 0 goal in Penalty Kill
Team Stat
Little Stars - Hits : 15 - Faceoff Wins : 24 - Blocked Shots : 9 - Penalty Minutes : 6
Griffins - Hits : 20 - Faceoff Wins : 33 - Blocked Shots : 7 - Penalty Minutes : 4
Official
Referees : Jacob Brenk and Dan O'Rourke
Linesman : Ryan Daisy and Mark Shewchyk
Game Notes
Jordan LaVallee has scored in a empty net!
Finance
Level 1 -- Attendance: 1892 (94.60%) -- Ticket Income $66,220
Level 2 -- Attendance: 859 (85.90%) -- Ticket Income $12,885
Total Attendance: 2751 (91.70%)
Total Ticket Income: $79,105
Other Income: $3,955
Total Income: $83,060
Little Stars
5 vs 5 Forward
Center Left Wing Right Wing Time % Phy DF OF
1 Daniel O'regan Jordan LaVallee Ilya Mikheyev 40 1 2 2
2 Henrik Borgstrom Adam Tambellini Alex Belzile 30 1 2 2
3 Jason Dickinson Joakim Nygard Matt Luff 20 1 2 2
4 Roman Horak Emile Poirier Justin Auger 10 1 2 2
5 vs 5 Defense
Defense Defense Time % Phy DF OF
1 Eric Knodel Reece Willcox 40 1 2 2
2 Tucker Poolman Ville Pokka 30 1 2 2
3 Frederic Allard Connor Mackey 20 1 2 2
4 Eric Knodel Reece Willcox 10 1 2 2
PowerPlay Forward
Center Left Wing Right Wing Time % Phy DF OF
1 Daniel O'regan Jordan LaVallee Ilya Mikheyev 60 1 2 2
2 Henrik Borgstrom Adam Tambellini Alex Belzile 40 1 2 2
PowerPlay Defense
Defense Defense Time % Phy DF OF
1 Eric Knodel Reece Willcox 60 1 2 2
2 Tucker Poolman Ville Pokka 40 1 2 2
Penalty Kill 4 Players Forward
Center Wing Time % Phy DF OF
1 Daniel O'regan Jordan LaVallee 60 1 2 2
2 Henrik Borgstrom Adam Tambellini 40 1 2 2
Penalty Kill 4 Players Defense
Defense Defense Time % Phy DF OF
1 Eric Knodel Reece Willcox 60 1 2 2
2 Tucker Poolman Ville Pokka 40 1 2 2
Penalty Kill - 3 Players Forward
Forward Time % Phy DF OF
1 Daniel O'regan 60 1 2 2
2 Henrik Borgstrom 40 1 2 2
Penalty Kill - 3 Players Defense
Defense Defense Time % Phy DF OF
1 Eric Knodel Reece Willcox 60 1 2 2
2 Tucker Poolman Ville Pokka 40 1 2 2
4 vs 4 Forward
Center Wing Time % Phy DF OF
1 Daniel O'regan Jordan LaVallee 60 1 2 2
2 Henrik Borgstrom Adam Tambellini 40 1 2 2
4 vs 4 Defense
Defense Defense Time % Phy DF OF
1 Eric Knodel Reece Willcox 60 1 2 2
2 Tucker Poolman Ville Pokka 40 1 2 2
Last Minutes Offensive
Center Left Wing Right Wing Defense Defense
Daniel O'regan Jordan LaVallee Ilya Mikheyev Eric Knodel Reece Willcox
Last Minutes Defensive
Center Left Wing Right Wing Defense Defense
Daniel O'regan Jordan LaVallee Ilya Mikheyev Eric Knodel Reece Willcox
Goaltenders
Starting : Connor Knapp
Backup : Michael Houser
Extra Forwards
Normal : Henrik Borgstrom, Joakim Nygard, Alex Belzile - PP : Henrik Borgstrom, Joakim Nygard - PK : Henrik Borgstrom
Extra Defensemen
Normal : Ville Pokka, Frederic Allard, Connor Mackey - PP : Ville Pokka - PK : Ville Pokka, Frederic Allard
Penalty Shots
Ilya Mikheyev, Jordan LaVallee, Adam Tambellini, Daniel O'regan, Henrik Borgstrom
Scratches
Filip Chytil (Healthy), Jean-Christophe Beaudin (Healthy), Lawrence Pilut (Healthy), Michael Mersch (Healthy), Radel Fazleev (Healthy)
Rudolfs Balcers (Healthy), Shane Gersich (Healthy), Yakov Trenin (Healthy), Joey Anderson (Healthy), Jonathan Dahlen (Healthy)
Givani Smith (Healthy), Danil Tarasov (Healthy)
Griffins
5 vs 5 Forward
Center Left Wing Right Wing Time % Phy DF OF
1 Jack Roslovic Tyler Bertuzzi Danny Kristo 40 1 2 2
2 Riley Armstrong Lucas Lessio Martin Frk 30 1 2 2
3 Nico Hischier Sonny Milano Troy Terry 20 1 2 2
4 Lias Andersson Brendan Woods Tanner Kero 10 1 2 2
5 vs 5 Defense
Defense Defense Time % Phy DF OF
1 Ryan Pulock Chris Bigras 40 2 2 1
2 Joe Morrow Ian McCoshen 30 2 2 1
3 Dmitri Orlov Ryan Lindgren 20 2 2 1
4 Dmitri Orlov Ryan Lindgren 10 2 2 1
PowerPlay Forward
Center Left Wing Right Wing Time % Phy DF OF
1 Jack Roslovic Tyler Bertuzzi Danny Kristo 60 1 2 2
2 Riley Armstrong Sonny Milano Nico Hischier 40 1 2 2
PowerPlay Defense
Defense Defense Time % Phy DF OF
1 Joe Morrow Martin Frk 60 1 2 2
2 Dmitri Orlov Lucas Lessio 40 1 2 2
Penalty Kill 4 Players Forward
Center Wing Time % Phy DF OF
1 Danny Kristo Brendan Woods 60 1 2 2
2 Riley Armstrong Lucas Lessio 40 1 2 2
Penalty Kill 4 Players Defense
Defense Defense Time % Phy DF OF
1 Chris Bigras Ian McCoshen 60 1 2 2
2 Ryan Pulock Joe Morrow 40 1 2 2
Penalty Kill - 3 Players Forward
Forward Time % Phy DF OF
1 Brendan Woods 60 1 2 2
2 Riley Armstrong 40 1 2 2
Penalty Kill - 3 Players Defense
Defense Defense Time % Phy DF OF
1 Chris Bigras Joe Morrow 60 1 2 2
2 Ian McCoshen Ryan Lindgren 40 1 2 2
4 vs 4 Forward
Center Wing Time % Phy DF OF
1 Jack Roslovic Tyler Bertuzzi 60 1 2 2
2 Riley Armstrong Danny Kristo 40 1 2 2
4 vs 4 Defense
Defense Defense Time % Phy DF OF
1 Joe Morrow Dmitri Orlov 60 1 2 2
2 Chris Bigras Ryan Pulock 40 1 2 2
Last Minutes Offensive
Center Left Wing Right Wing Defense Defense
Jack Roslovic Tyler Bertuzzi Danny Kristo Joe Morrow Dmitri Orlov
Last Minutes Defensive
Center Left Wing Right Wing Defense Defense
Riley Armstrong Brendan Woods Danny Kristo Chris Bigras Ian McCoshen
Goaltenders
Starting : Jean-Francois Berube
Backup : Marcus Hogberg
Extra Forwards
Normal : Tyler Bertuzzi, Brendan Woods, Troy Terry - PP : Lias Andersson, Sonny Milano - PK : Jack Roslovic
Extra Defensemen
Normal : Ian McCoshen, Ryan Pulock, Dmitri Orlov - PP : Ian McCoshen - PK : Ryan Lindgren, Dmitri Orlov
Penalty Shots
Jack Roslovic, Danny Kristo, Riley Armstrong, Lucas Lessio, Brendan Woods
Scratches
Klim Kostin (Healthy), Morgan Barron (Healthy), Alexandre Texier (Broken Right Foot Toe Injury), Jack Studnicka (Healthy), Greg McKegg (Healthy)
Jack Ramsey (Healthy), Sebastian Ahaut (Healthy), Konrad Abeltshauser (Healthy), Michael Bunting (Healthy), Conor Timmins (Healthy)
Tomas Hyka (Healthy), Vladislav Namestnikov (Healthy), Nick Swaney (Healthy), Philippe Desrosiers (Healthy), Adam Werner (Healthy)
% Time on Ice - Little Stars
Lines # - Real PCT - Wanted PCT - Time Play
Normal Forward
1 - 33% - 40% - 16:12
2 - 28% - 30% - 14:04
3 - 23% - 20% - 11:18
4 - 16% - 10% - 8:01
Normal Defense
1 - 38% - 40% - 18:37
2 - 36% - 30% - 17:42
3 - 25% - 20% - 12:30
4 - 2% - 10% - 0:46
PP Forward
1 - 60% - 60% - 2:22
2 - 40% - 40% - 1:36
PP Defense
1 - 68% - 60% - 2:41
2 - 32% - 40% - 1:17
PK Forward
1 - 75% - 60% - 4:22
2 - 25% - 40% - 1:27
PK Defense
1 - 62% - 60% - 3:38
2 - 38% - 40% - 2:11
PK3 Forward
1 - 0% - 60%
2 - 0% - 40%
PK3 Defense
1 - 0% - 60%
2 - 0% - 40%
44 Forward
1 - 0% - 60%
2 - 0% - 40%
44 Defense
1 - 0% - 60%
2 - 0% - 40%
Last Minute Offensive - 0:00
Last Minute Defensive - 0:38
Total
Forward - 60:00
Defense - 60:00
|
% Time on Ice - Griffins
Lines # - Real PCT - Wanted PCT - Time Play
Normal Forward
1 - 34% - 40% - 16:40
2 - 29% - 30% - 14:24
3 - 21% - 20% - 10:35
4 - 16% - 10% - 7:56
Normal Defense
1 - 40% - 40% - 20:00
2 - 32% - 30% - 15:45
3 - 20% - 20% - 9:55
4 - 8% - 10% - 3:55
PP Forward
1 - 60% - 60% - 3:30
2 - 40% - 40% - 2:19
PP Defense
1 - 62% - 60% - 3:38
2 - 38% - 40% - 2:11
PK Forward
1 - 87% - 60% - 3:27
2 - 13% - 40% - 0:31
PK Defense
1 - 61% - 60% - 2:24
2 - 39% - 40% - 1:34
PK3 Forward
1 - 0% - 60%
2 - 0% - 40%
PK3 Defense
1 - 0% - 60%
2 - 0% - 40%
44 Forward
1 - 0% - 60%
2 - 0% - 40%
44 Defense
1 - 0% - 60%
2 - 0% - 40%
Last Minute Offensive - 0:38
Last Minute Defensive - 0:00
Total
Forward - 60:00
Defense - 60:00
|
Play-by-Play
1st period
0:01 of 1st period - Jack Roslovic wins face-off versus Daniel O'regan in neutral zone.
0:05 of 1st period - Slapshot by Danny Kristo.
0:05 of 1st period - Stopped by Connor Knapp with a rebound.
0:07 of 1st period - Snap shot by Tyler Bertuzzi.
0:07 of 1st period - Shot Blocked by Jordan LaVallee.
1:51 of 1st period - Slapshot by Daniel O'regan.
1:51 of 1st period - Stopped by Jean-Francois Berube with a rebound.
1:53 of 1st period - Slapshot by Tucker Poolman.
1:53 of 1st period - Deflect By Riley Armstrong.
1:53 of 1st period - Stopped by Jean-Francois Berube with a rebound.
1:55 of 1st period - Snap shot by Ilya Mikheyev.
1:55 of 1st period - Stopped by Jean-Francois Berube without a rebound.
1:56 of 1st period - Nico Hischier wins face-off versus Daniel O'regan in Griffins zone.
2:01 of 1st period - Slapshot by Joe Morrow.
2:01 of 1st period - Stopped by Connor Knapp with a rebound.
2:32 of 1st period - Wrist shot by Nico Hischier.
2:32 of 1st period - Deflect By Sonny Milano.
2:32 of 1st period - Shot Blocked by Frederic Allard.
2:32 of 1st period - Puck is out of play.
2:33 of 1st period - Jack Roslovic wins face-off versus Jason Dickinson in Little Stars zone.
2:40 of 1st period - Snap shot by Tyler Bertuzzi.
2:40 of 1st period - Shot Blocked by Reece Willcox.
2:42 of 1st period - Snap shot by Tyler Bertuzzi.
2:42 of 1st period - Shot Misses the Net.
3:02 of 1st period - Icing by Lucas Lessio.
3:03 of 1st period - Daniel O'regan wins face-off versus Martin Frk in Griffins zone.
3:14 of 1st period - Wrist shot by Jordan LaVallee.
3:14 of 1st period - Deflect By Lucas Lessio.
3:14 of 1st period - Shot Misses the Net.
3:14 of 1st period - Puck is out of play.
3:15 of 1st period - Jack Roslovic wins face-off versus Henrik Borgstrom in Griffins zone.
3:22 of 1st period - Snap shot by Henrik Borgstrom.
3:22 of 1st period - Shot Misses the Net.
3:24 of 1st period - Slapshot by Eric Knodel.
3:24 of 1st period - Stopped by Jean-Francois Berube without a rebound.
3:25 of 1st period - Jack Roslovic wins face-off versus Henrik Borgstrom in Griffins zone.
3:30 of 1st period - Snap shot by Tyler Bertuzzi.
3:30 of 1st period - Stopped by Connor Knapp without a rebound.
3:31 of 1st period - Roman Horak wins face-off versus Jack Roslovic in Little Stars zone.
3:40 of 1st period - Tyler Bertuzzi is hit by Eric Knodel.
4:01 of 1st period - Slapshot by Daniel O'regan.
4:01 of 1st period - Deflect By Jordan LaVallee.
4:01 of 1st period - Shot Blocked by Dmitri Orlov.
4:01 of 1st period - Puck is out of play.
4:02 of 1st period - Henrik Borgstrom wins face-off versus Riley Armstrong in Griffins zone.
4:27 of 1st period - Jordan LaVallee is hit by Tyler Bertuzzi.
4:50 of 1st period - Off-side.
4:51 of 1st period - Jason Dickinson wins face-off versus Lias Andersson in neutral zone.
5:10 of 1st period - Wrist shot by Tanner Kero.
5:10 of 1st period - Shot Blocked by Jason Dickinson.
5:12 of 1st period - Slapshot by Joe Morrow.
5:12 of 1st period - Stopped by Connor Knapp without a rebound.
5:13 of 1st period - Daniel O'regan wins face-off versus Jack Roslovic in Little Stars zone.
5:38 of 1st period - Chris Bigras is hit by Tucker Poolman.
6:35 of 1st period - Wrist shot by Danny Kristo.
6:35 of 1st period - Stopped by Connor Knapp without a rebound.
6:36 of 1st period - Daniel O'regan wins face-off versus Nico Hischier in Little Stars zone.
6:43 of 1st period - Snap shot by Jordan LaVallee.
6:43 of 1st period - Shot Misses the Net.
6:45 of 1st period - Slapshot by Reece Willcox.
6:45 of 1st period - Deflect By Ian McCoshen.
6:45 of 1st period - Stopped by Jean-Francois Berube with a rebound.
6:47 of 1st period - Slapshot by Reece Willcox.
6:47 of 1st period - Deflect By Ilya Mikheyev.
6:47 of 1st period - Stopped by Jean-Francois Berube with a rebound.
6:49 of 1st period - Slapshot by Reece Willcox.
6:49 of 1st period - Stopped by Jean-Francois Berube with a rebound.
6:51 of 1st period - Wrist shot by Jordan LaVallee.
6:51 of 1st period - Shot Misses the Net.
7:03 of 1st period - Alex Belzile is hit by Ian McCoshen and loses puck.
7:24 of 1st period - Snap shot by Riley Armstrong.
7:24 of 1st period - Shot Misses the Net.
7:32 of 1st period - Wrist shot by Lucas Lessio.
7:32 of 1st period - Shot Misses the Net.
8:09 of 1st period - Snap shot by Emile Poirier.
8:09 of 1st period - Shot Blocked by Danny Kristo.
8:15 of 1st period - Ilya Mikheyev is hit by Tyler Bertuzzi.
8:36 of 1st period - Slapshot by Frederic Allard.
8:36 of 1st period - Shot Misses the Net.
9:09 of 1st period - Off-side.
9:10 of 1st period - Jack Roslovic wins face-off versus Daniel O'regan in neutral zone.
9:15 of 1st period - Ilya Mikheyev is hit by Jack Roslovic and loses puck.
9:22 of 1st period - Snap shot by Jack Roslovic.
9:22 of 1st period - Shot Misses the Net.
9:58 of 1st period - Wrist shot by Jordan LaVallee.
9:58 of 1st period - Stopped by Jean-Francois Berube with a rebound.
10:00 of 1st period - Wrist shot by Ilya Mikheyev.
10:00 of 1st period - Shot Blocked by Ryan Lindgren.
10:26 of 1st period - Snap shot by Jordan LaVallee.
10:26 of 1st period - Shot Misses the Net.
10:28 of 1st period - Slapshot by Tucker Poolman.
10:28 of 1st period - Shot Misses the Net.
10:30 of 1st period - Snap shot by Jordan LaVallee.
10:30 of 1st period - Stopped by Jean-Francois Berube with a rebound.
10:32 of 1st period - Snap shot by Daniel O'regan.
10:32 of 1st period - Stopped by Jean-Francois Berube with a rebound.
10:46 of 1st period - Snap shot by Ilya Mikheyev.
10:46 of 1st period - Stopped by Jean-Francois Berube with a rebound.
10:48 of 1st period - Snap shot by Jordan LaVallee.
10:48 of 1st period - Stopped by Jean-Francois Berube without a rebound.
10:49 of 1st period - Tyler Bertuzzi wins face-off versus Henrik Borgstrom in Griffins zone.
12:04 of 1st period - Snap shot by Alex Belzile.
12:04 of 1st period - Shot Misses the Net.
12:29 of 1st period - Joakim Nygard is hit by Tanner Kero and loses puck.
12:38 of 1st period - Chris Bigras is hit by Jason Dickinson and loses puck.
12:55 of 1st period - Slapshot by Danny Kristo.
12:55 of 1st period - Shot Hit the Post.
14:58 of 1st period - Joakim Nygard is hit by Danny Kristo and loses puck.
16:17 of 1st period - Backhand shot by Jack Roslovic.
16:17 of 1st period - Deflect By Danny Kristo.
16:17 of 1st period - Stopped by Connor Knapp without a rebound.
16:18 of 1st period - Jack Roslovic wins face-off versus Henrik Borgstrom in Little Stars zone.
16:19 of 1st period - Snap shot by Danny Kristo.
16:19 of 1st period - Stopped by Connor Knapp with a rebound.
16:23 of 1st period - Wrist shot by Jack Roslovic.
16:23 of 1st period - Stopped by Connor Knapp with a rebound.
16:31 of 1st period - Snap shot by Jack Roslovic.
16:31 of 1st period - Shot Blocked by Reece Willcox.
16:43 of 1st period - Martin Frk is hit by Eric Knodel and loses puck.
16:54 of 1st period - Snap shot by Jordan LaVallee.
16:54 of 1st period - Shot Misses the Net.
17:15 of 1st period - Off-side.
17:16 of 1st period - Jack Roslovic wins face-off versus Adam Tambellini in neutral zone.
17:22 of 1st period - Icing by Reece Willcox.
17:23 of 1st period - Henrik Borgstrom wins face-off versus Jack Roslovic in Little Stars zone.
18:06 of 1st period - Wrist shot by Jack Roslovic.
18:06 of 1st period - Shot Misses the Net.
18:08 of 1st period - Backhand shot by Tyler Bertuzzi.
18:08 of 1st period - Shot Misses the Net.
18:10 of 1st period - Wrist shot by Chris Bigras.
18:10 of 1st period - Stopped by Connor Knapp without a rebound.
18:11 of 1st period - Riley Armstrong wins face-off versus Daniel O'regan in Little Stars zone.
18:38 of 1st period - Ville Pokka is hit by Ryan Lindgren and loses puck.
18:57 of 1st period - Brendan Woods is hit by Justin Auger and loses puck.
19:06 of 1st period - Snap shot by Roman Horak.
19:06 of 1st period - Stopped by Jean-Francois Berube with a rebound.
19:15 of 1st period - Icing by Ian McCoshen.
19:16 of 1st period - Ilya Mikheyev wins face-off versus Lias Andersson in Griffins zone.
19:27 of 1st period - Snap shot by Ilya Mikheyev.
19:27 of 1st period - Stopped by Jean-Francois Berube without a rebound.
19:28 of 1st period - Daniel O'regan wins face-off versus Jack Roslovic in Griffins zone.
19:49 of 1st period - Minor Penalty to Reece Willcox for Hooking.
19:50 of 1st period - Daniel O'regan wins face-off versus Jack Roslovic in Little Stars zone.
19:50 of 1st period - Daniel O'regan is hit by Joe Morrow.
Goals for this period are 0 for Little Stars vs 0 for Griffins.
Shots for this period are 14 for Little Stars vs 9 for Griffins.
2nd period
0:01 of 2nd period - Jack Roslovic wins face-off versus Daniel O'regan in neutral zone.
0:08 of 2nd period - Snap shot by Danny Kristo.
0:08 of 2nd period - Shot Misses the Net.
0:10 of 2nd period - Snap shot by Jack Roslovic.
0:10 of 2nd period - Stopped by Connor Knapp with a rebound.
0:12 of 2nd period - Snap shot by Jack Roslovic.
0:12 of 2nd period - Shot Blocked by Ville Pokka.
0:14 of 2nd period - Snap shot by Tyler Bertuzzi.
0:14 of 2nd period - Stopped by Connor Knapp without a rebound.
0:15 of 2nd period - Jack Roslovic wins face-off versus Daniel O'regan in Little Stars zone.
1:49 of 2nd period - Penalty to Reece Willcox is over, Reece Willcox is back on ice.
4:25 of 2nd period - Ryan Lindgren is hit by Ilya Mikheyev and loses puck.
4:36 of 2nd period - Tucker Poolman is hit by Tanner Kero.
4:46 of 2nd period - Frederic Allard is hit by Dmitri Orlov and loses puck.
4:51 of 2nd period - Wrist shot by Tyler Bertuzzi.
4:51 of 2nd period - Stopped by Connor Knapp with a rebound.
5:03 of 2nd period - Frederic Allard is hit by Riley Armstrong and loses puck.
5:25 of 2nd period - Minor Penalty to Tucker Poolman for Holding.
5:26 of 2nd period - Daniel O'regan wins face-off versus Jack Roslovic in Little Stars zone.
6:04 of 2nd period - Snap shot by Jack Roslovic.
6:04 of 2nd period - Stopped by Connor Knapp with a rebound.
7:16 of 2nd period - Snap shot by Dmitri Orlov.
7:16 of 2nd period - Goal by Dmitri Orlov - Little Stars : 0 - Griffins : 1.
7:17 of 2nd period - Danny Kristo wins face-off versus Daniel O'regan in neutral zone.
7:19 of 2nd period - Off-side.
7:20 of 2nd period - Daniel O'regan wins face-off versus Jack Roslovic in neutral zone.
7:23 of 2nd period - Snap shot by Jordan LaVallee.
7:23 of 2nd period - Shot Misses the Net.
7:25 of 2nd period - Slapshot by Eric Knodel.
7:25 of 2nd period - Stopped by Jean-Francois Berube with a rebound.
8:22 of 2nd period - Wrist shot by Tanner Kero.
8:22 of 2nd period - Shot Misses the Net.
8:24 of 2nd period - Slapshot by Lias Andersson.
8:24 of 2nd period - Stopped by Connor Knapp with a rebound.
8:26 of 2nd period - Slapshot by Ryan Lindgren.
8:26 of 2nd period - Goal by Ryan Lindgren - Little Stars : 0 - Griffins : 2.
8:27 of 2nd period - Daniel O'regan wins face-off versus Jack Roslovic in neutral zone.
8:31 of 2nd period - Off-side.
8:32 of 2nd period - Jack Roslovic wins face-off versus Daniel O'regan in neutral zone.
9:14 of 2nd period - Minor Penalty to Connor Mackey for Cross-checking.
9:15 of 2nd period - Jack Roslovic wins face-off versus Daniel O'regan in Little Stars zone.
9:32 of 2nd period - Daniel O'regan is hit by Martin Frk and loses puck.
9:49 of 2nd period - Snap shot by Sonny Milano.
9:49 of 2nd period - Stopped by Connor Knapp without a rebound.
9:50 of 2nd period - Daniel O'regan wins face-off versus Riley Armstrong in Little Stars zone.
9:50 of 2nd period - Daniel O'regan is hit by Riley Armstrong.
10:02 of 2nd period - Snap shot by Jordan LaVallee.
10:02 of 2nd period - Shot Misses the Net.
11:14 of 2nd period - Penalty to Connor Mackey is over, Connor Mackey is back on ice.
11:25 of 2nd period - Lias Andersson is hit by Connor Mackey and loses puck.
12:07 of 2nd period - Icing by Frederic Allard.
12:08 of 2nd period - Sonny Milano wins face-off versus Daniel O'regan in Little Stars zone.
12:13 of 2nd period - Slapshot by Dmitri Orlov.
12:13 of 2nd period - Shot Misses the Net.
12:15 of 2nd period - Snap shot by Brendan Woods.
12:15 of 2nd period - Stopped by Connor Knapp with a rebound.
12:17 of 2nd period - Backhand shot by Ryan Lindgren.
12:17 of 2nd period - Stopped by Connor Knapp without a rebound.
12:18 of 2nd period - Lias Andersson wins face-off versus Alex Belzile in Little Stars zone.
12:29 of 2nd period - Slapshot by Brendan Woods.
12:29 of 2nd period - Stopped by Connor Knapp with a rebound.
12:31 of 2nd period - Slapshot by Ryan Lindgren.
12:31 of 2nd period - Shot Blocked by Alex Belzile.
12:33 of 2nd period - Wrist shot by Tanner Kero.
12:33 of 2nd period - Stopped by Connor Knapp with a rebound.
12:35 of 2nd period - Slapshot by Ryan Lindgren.
12:35 of 2nd period - Stopped by Connor Knapp without a rebound.
12:36 of 2nd period - Daniel O'regan wins face-off versus Danny Kristo in Little Stars zone.
12:36 of 2nd period - Daniel O'regan is hit by Tyler Bertuzzi.
13:02 of 2nd period - Eric Knodel is hit by Martin Frk and loses puck.
14:01 of 2nd period - Emile Poirier is hit by Martin Frk and loses puck.
14:35 of 2nd period - Snap shot by Ilya Mikheyev.
14:35 of 2nd period - Deflect By Jordan LaVallee.
14:35 of 2nd period - Shot Misses the Net.
14:35 of 2nd period - Puck is out of play.
14:36 of 2nd period - Riley Armstrong wins face-off versus Henrik Borgstrom in Griffins zone.
14:51 of 2nd period - Slapshot by Alex Belzile.
14:51 of 2nd period - Shot Misses the Net.
15:12 of 2nd period - Snap shot by Jack Roslovic.
15:12 of 2nd period - Deflect By Connor Mackey.
15:12 of 2nd period - Stopped by Connor Knapp without a rebound.
15:13 of 2nd period - Riley Armstrong wins face-off versus Henrik Borgstrom in Little Stars zone.
15:47 of 2nd period - Snap shot by Daniel O'regan.
15:47 of 2nd period - Stopped by Jean-Francois Berube with a rebound.
16:01 of 2nd period - Troy Terry is hit by Joakim Nygard and loses puck.
16:36 of 2nd period - Snap shot by Matt Luff.
16:36 of 2nd period - Shot Misses the Net.
16:46 of 2nd period - Slapshot by Joe Morrow.
16:46 of 2nd period - Stopped by Connor Knapp with a rebound.
16:58 of 2nd period - Wrist shot by Jack Roslovic.
16:58 of 2nd period - Shot Blocked by Frederic Allard.
17:00 of 2nd period - Wrist shot by Danny Kristo.
17:00 of 2nd period - Stopped by Connor Knapp with a rebound.
17:04 of 2nd period - Wrist shot by Danny Kristo.
17:04 of 2nd period - Stopped by Connor Knapp with a rebound.
17:06 of 2nd period - Slapshot by Ian McCoshen.
17:06 of 2nd period - Deflect By Jack Roslovic.
17:06 of 2nd period - Shot Misses the Net.
17:06 of 2nd period - Puck is out of play.
17:07 of 2nd period - Riley Armstrong wins face-off versus Daniel O'regan in Little Stars zone.
17:33 of 2nd period - Justin Auger is hit by Ryan Pulock.
17:54 of 2nd period - Off-side.
17:55 of 2nd period - Nico Hischier wins face-off versus Jason Dickinson in neutral zone.
18:17 of 2nd period - Icing by Tucker Poolman.
18:18 of 2nd period - Jason Dickinson wins face-off versus Jack Roslovic in Little Stars zone.
18:22 of 2nd period - Minor Penalty to Ian McCoshen for Hooking.
18:23 of 2nd period - Danny Kristo wins face-off versus Daniel O'regan in Griffins zone.
19:27 of 2nd period - Danny Kristo is hit by Ville Pokka and loses puck.
Goals for this period are 0 for Little Stars vs 2 for Griffins.
Shots for this period are 2 for Little Stars vs 17 for Griffins.
3rd period
0:01 of 3rd period - Danny Kristo wins face-off versus Daniel O'regan in neutral zone.
0:22 of 3rd period - Penalty to Ian McCoshen is over, Ian McCoshen is back on ice.
0:29 of 3rd period - Brendan Woods is hit by Ilya Mikheyev and loses puck.
0:38 of 3rd period - Snap shot by Ian McCoshen.
0:38 of 3rd period - Shot Misses the Net.
0:40 of 3rd period - Backhand shot by Ryan Lindgren.
0:40 of 3rd period - Deflect By Jordan LaVallee.
0:40 of 3rd period - Stopped by Connor Knapp with a rebound.
0:52 of 3rd period - Snap shot by Brendan Woods.
0:52 of 3rd period - Stopped by Connor Knapp with a rebound.
0:54 of 3rd period - Wrist shot by Ian McCoshen.
0:54 of 3rd period - Stopped by Connor Knapp with a rebound.
0:56 of 3rd period - Wrist shot by Ian McCoshen.
0:56 of 3rd period - Shot Blocked by Ville Pokka.
1:16 of 3rd period - Wrist shot by Brendan Woods.
1:16 of 3rd period - Stopped by Connor Knapp with a rebound.
1:28 of 3rd period - Wrist shot by Danny Kristo.
1:28 of 3rd period - Deflect By Ian McCoshen.
1:28 of 3rd period - Stopped by Connor Knapp without a rebound.
1:29 of 3rd period - Riley Armstrong wins face-off versus Henrik Borgstrom in Little Stars zone.
1:40 of 3rd period - Adam Tambellini is hit by Lucas Lessio and loses puck.
2:27 of 3rd period - Connor Mackey is hit by Nico Hischier.
2:35 of 3rd period - Eric Knodel is hit by Sonny Milano and loses puck.
4:06 of 3rd period - Icing by Ryan Lindgren.
4:07 of 3rd period - Jason Dickinson wins face-off versus Riley Armstrong in Griffins zone.
4:08 of 3rd period - Snap shot by Joakim Nygard.
4:08 of 3rd period - Goal by Joakim Nygard - Little Stars : 1 - Griffins : 2.
4:09 of 3rd period - Daniel O'regan wins face-off versus Jack Roslovic in neutral zone.
4:34 of 3rd period - Riley Armstrong is hit by Henrik Borgstrom and loses puck.
4:43 of 3rd period - Snap shot by Alex Belzile.
4:43 of 3rd period - Stopped by Jean-Francois Berube with a rebound.
5:26 of 3rd period - Wrist shot by Joakim Nygard.
5:26 of 3rd period - Goal by Joakim Nygard - Little Stars : 2 - Griffins : 2.
5:27 of 3rd period - Jack Roslovic wins face-off versus Daniel O'regan in neutral zone.
5:33 of 3rd period - Icing by Reece Willcox.
5:34 of 3rd period - Daniel O'regan wins face-off versus Danny Kristo in Little Stars zone.
6:03 of 3rd period - Snap shot by Martin Frk.
6:03 of 3rd period - Stopped by Connor Knapp without a rebound.
6:04 of 3rd period - Henrik Borgstrom wins face-off versus Riley Armstrong in Little Stars zone.
6:13 of 3rd period - Wrist shot by Adam Tambellini.
6:13 of 3rd period - Shot Misses the Net.
6:40 of 3rd period - Minor Penalty to Jack Roslovic for Tripping.
6:41 of 3rd period - Danny Kristo wins face-off versus Daniel O'regan in Griffins zone.
8:24 of 3rd period - Icing by Reece Willcox.
8:25 of 3rd period - Henrik Borgstrom wins face-off versus Nico Hischier in Little Stars zone.
8:40 of 3rd period - Penalty to Jack Roslovic is over, Jack Roslovic is back on ice.
9:27 of 3rd period - Snap shot by Joakim Nygard.
9:27 of 3rd period - Stopped by Jean-Francois Berube with a rebound.
9:29 of 3rd period - Slapshot by Tucker Poolman.
9:29 of 3rd period - Stopped by Jean-Francois Berube without a rebound.
9:30 of 3rd period - Jason Dickinson wins face-off versus Riley Armstrong in Griffins zone.
10:00 of 3rd period - Snap shot by Daniel O'regan.
10:00 of 3rd period - Shot Misses the Net.
10:36 of 3rd period - Snap shot by Roman Horak.
10:36 of 3rd period - Shot Misses the Net.
11:16 of 3rd period - Tyler Bertuzzi is hit by Adam Tambellini and loses puck.
11:34 of 3rd period - Martin Frk is hit by Daniel O'regan and loses puck.
11:56 of 3rd period - Snap shot by Lucas Lessio.
11:56 of 3rd period - Shot Misses the Net.
12:06 of 3rd period - Snap shot by Martin Frk.
12:06 of 3rd period - Stopped by Connor Knapp without a rebound.
12:07 of 3rd period - Nico Hischier wins face-off versus Henrik Borgstrom in Little Stars zone.
12:52 of 3rd period - Snap shot by Troy Terry.
12:52 of 3rd period - Shot Misses the Net.
12:54 of 3rd period - Slapshot by Ryan Lindgren.
12:54 of 3rd period - Stopped by Connor Knapp without a rebound.
12:55 of 3rd period - Jack Roslovic wins face-off versus Ilya Mikheyev in Little Stars zone.
13:10 of 3rd period - Snap shot by Daniel O'regan.
13:10 of 3rd period - Shot Blocked by Jack Roslovic.
13:12 of 3rd period - Slapshot by Reece Willcox.
13:12 of 3rd period - Stopped by Jean-Francois Berube without a rebound.
13:13 of 3rd period - Riley Armstrong wins face-off versus Jason Dickinson in Griffins zone.
13:35 of 3rd period - Icing by Reece Willcox.
13:36 of 3rd period - Jack Roslovic wins face-off versus Jason Dickinson in Little Stars zone.
14:05 of 3rd period - Wrist shot by Martin Frk.
14:05 of 3rd period - Shot Misses the Net.
14:07 of 3rd period - Slapshot by Chris Bigras.
14:07 of 3rd period - Shot Hit the Post.
14:46 of 3rd period - Icing by Justin Auger.
14:47 of 3rd period - Roman Horak wins face-off versus Jack Roslovic in Little Stars zone.
15:11 of 3rd period - Off-side.
15:12 of 3rd period - Riley Armstrong wins face-off versus Daniel O'regan in neutral zone.
15:27 of 3rd period - Slapshot by Lucas Lessio.
15:27 of 3rd period - Stopped by Connor Knapp with a rebound.
15:35 of 3rd period - Martin Frk is hit by Daniel O'regan and loses puck.
15:42 of 3rd period - Slapshot by Ilya Mikheyev.
15:42 of 3rd period - Deflect By Jordan LaVallee.
15:42 of 3rd period - Shot Misses the Net.
15:42 of 3rd period - Puck is out of play.
15:43 of 3rd period - Jason Dickinson wins face-off versus Nico Hischier in Griffins zone.
16:17 of 3rd period - Snap shot by Henrik Borgstrom.
16:17 of 3rd period - Shot Misses the Net.
16:46 of 3rd period - Brendan Woods is hit by Eric Knodel and loses puck.
16:55 of 3rd period - Wrist shot by Justin Auger.
16:55 of 3rd period - Shot Misses the Net.
16:57 of 3rd period - Snap shot by Emile Poirier.
16:57 of 3rd period - Shot Misses the Net.
19:06 of 3rd period - Snap shot by Joakim Nygard.
19:06 of 3rd period - Shot Misses the Net.
19:08 of 3rd period - Wrist shot by Matt Luff.
19:08 of 3rd period - Shot Blocked by Danny Kristo.
19:10 of 3rd period - Backhand shot by Matt Luff.
19:10 of 3rd period - Shot Misses the Net.
19:12 of 3rd period - Snap shot by Matt Luff.
19:12 of 3rd period - Goal by Matt Luff - Little Stars : 3 - Griffins : 2.
19:13 of 3rd period - Jack Roslovic wins face-off versus Daniel O'regan in neutral zone.
19:16 of 3rd period - Griffins, Jean-Francois Berube is pulled from the net.
19:32 of 3rd period - Slapshot by Ilya Mikheyev.
19:32 of 3rd period - Shot Blocked by Dmitri Orlov.
19:34 of 3rd period - Wrist shot by Daniel O'regan.
19:34 of 3rd period - Shot Misses the Net.
19:36 of 3rd period - Snap shot by Reece Willcox.
19:36 of 3rd period - Shot Blocked by Jack Roslovic.
19:50 of 3rd period - Snap shot by Jordan LaVallee.
19:50 of 3rd period - Goal by Jordan LaVallee - Little Stars : 4 - Griffins : 2.
19:50 of 3rd period - Jean-Francois Berube from Griffins was sent back in the game.
19:51 of 3rd period - Nico Hischier wins face-off versus Jason Dickinson in neutral zone.
19:58 of 3rd period - Slapshot by Sonny Milano.
19:58 of 3rd period - Shot Misses the Net.
Goals for this period are 4 for Little Stars vs 0 for Griffins.
Shots for this period are 8 for Little Stars vs 9 for Griffins.